 Dungeon Crawl Stone Soup version 0.26-a0-278-g3b0d5afba5 (webtiles) character file.

Game seed: 5689358057100060462

1691 BritishOli the Skirmisher (level 8, -3/64 HPs)
             Began as a Demonspawn Fighter on July 12, 2020.
             Was a Believer of Okawaru.
             Killed from afar by a steam dragon (19 damage)
             ... with a ball of steam
             ... on level 7 of the Dungeon.
             The game lasted 00:08:11 (6471 turns).

BritishOli the Skirmisher (Demonspawn Fighter)      Turns: 6471, Time: 00:08:12

Health: -3/64      AC:  8    Str: 19    XL:     8   Next: 72%
Magic:  8/8        EV:  7    Int: 10    God:    Okawaru [**....]
Gold:   276        SH: 10    Dex: 12    Spells: 7/7 levels left

rFire    . . .     SeeInvis .   a - +0 long sword
rCold    + . .     Faith    .   c - +0 kite shield
rNeg     . . .     Spirit   .   b - +0 scale mail
rPois    .         Reflect  .   h - +1 hat
rElec    .         Harm     .   (no cloak)
rCorr    .                      (no gloves)
MR       .....                  (no boots)
Stlth    ..........             (no amulet)
HPRegen  0.20/turn              l - ring of protection from cold
MPRegen  0.11/turn              (no ring)

@: mighty
A: claws 1, powered by death 2, powered by pain 1
a: Heroism, Renounce Religion


You were on level 7 of the Dungeon.
You worshipped Okawaru.
Okawaru was pleased with you.
You visited 2 branches of the dungeon, and saw 8 of its levels.

You collected 321 gold pieces.
You spent 45 gold pieces at shops.

Inventory:

Hand Weapons
 a - a +0 long sword (weapon)
Missiles
 p - a throwing net (quivered)
Armour
 b - a +0 scale mail (worn)
 c - a +0 kite shield (worn)
 h - a +1 hat (worn)
Jewellery
 l - a ring of protection from cold (left claw)
Wands
 o - a wand of polymorph (7)
Scrolls
 e - 2 scrolls of amnesia
 f - 4 scrolls of teleportation
 j - 4 scrolls of magic mapping
 v - 4 scrolls of enchant weapon
 x - 3 scrolls of remove curse
 y - a scroll of identify
Potions
 d - 2 potions of might
 g - 3 potions of curing
 i - a potion of invisibility {unknown}
 k - a potion of lignification {unknown}
 m - a potion of mutation {unknown}
 n - 2 potions of stabbing
 q - 3 potions of heal wounds
 r - a potion of ambrosia {unknown}
 s - a potion of berserk rage {unknown}
 t - 2 potions of resistance
 u - 3 potions of flight {unknown}
 w - a potion of brilliance {unknown}
 z - a potion of magic {unknown}


   Skills:
 + Level 6.3 Fighting
 + Level 5.3 Long Blades
 + Level 5.8 Armour
 + Level 5.7 Shields


You had 7 spell levels left.
You didn't know any spells.
Your spell library was empty.

Dungeon Overview and Level Annotations

Branches:
Dungeon (7/15)             Temple (1/1) D:5

Altars:
Ashenzari
Cheibriados
Dithmenos
Elyvilon
Gozag
Hepliaklqana
Kikubaaqudgha
Makhleb
Nemelex Xobeh
Okawaru
Qazlal
Ru
Sif Muna
Trog
Uskayaw
Wu Jian
Xom
Yredelemnul
Zin
The Shining One

Shops:
D:7 ?


Innate Abilities, Weirdness & Mutations

You have sharp fingernails.
You regenerate health from kills.
You sometimes gain a little power by taking damage.


Message History

You hit the ogre.
The ogre is heavily wounded.
The ogre hits you with a +0 giant spiked club!!
* * * LOW HITPOINT WARNING * * *
You focus on the pain.
You feel very mighty all of a sudden.
You are too injured to fight recklessly!
You see here a howler monkey corpse.
Evoke which item? (* to show all) (? for menu, Esc to quit)
Aiming: Polymorph
Press: ? - help, Shift-Dir - straight line, f - ogre
Aim: an ogre, wielding a +0 giant spiked club (heavily wounded, chance to defeat MR: 46%)
The ogre evaporates and reforms as a steam dragon!
The white imp shouts, "Out, out, thou puking toenail-biting cross-patch!"
The steam dragon breathes steam at you. The ball of steam hits you!
* * * LOW HITPOINT WARNING * * *
The steam dragon breathes steam at you. The ball of steam hits you!!
You die...

###.#
######.###.#
#.# #.# #.#
#.# #5# #.#
#.# #.# #.#
#.# #D# #.#
#.# #.# #§#
#.# #§# #.#
######@# #.#
#......# #.#
#.###### #.#
#.# #####.#
#.# #.....#
#.# #.#####
#.# #.# ####
#.# #.# ...#
#.# #.#


There were no monsters in sight!

Vanquished Creatures
  An ice beast (D:5)
  2 sky beasts
  A phantom (D:5)
  2 ogres
  A centaur (D:5)
  6 bullfrogs
  A howler monkey (D:7)
  A hound (D:5)
  2 jellies
  2 bullfrog skeletons
  A centaur skeleton (D:6)
  3 iguanas
  5 worker ants
  2 hound skeletons (D:5)
  A hound zombie (D:6)
  10 adders
  A shadow imp (D:5)
  2 white imps
  An ufetubus (D:5)
  2 oozes
  3 worms
  4 dart slugs
  6 leopard geckos
  10 orcs
  7 bats
  8 giant cockroaches
  8 goblins
  5 hobgoblins
  11 jackals
  3 quokkas
  3 frilled lizards
  A jackal skeleton (D:4)
  10 kobolds
  A quokka zombie (D:5)
  13 rats
140 creatures vanquished.

Notes
Turn   | Place    | Note
-------+----------+-------------------------------------------
     0 | D:1      | BritishOli the Demonspawn Fighter began the quest for the
                  | Orb.
     0 | D:1      | Reached XP level 1. HP: 18/18 MP: 1/1
   133 | D:1      | Gained mutation: You regenerate a little health from kills.
                  | [demonic ancestry]
   133 | D:1      | Reached XP level 2. HP: 12/24 MP: 2/2
  1017 | D:2      | Gained mutation: You regenerate health from kills. [demonic
                  | ancestry]
  1017 | D:2      | Reached XP level 3. HP: 29/29 MP: 3/3
  1309 | D:2      | Reached XP level 4. HP: 35/35 MP: 4/4
  1534 | D:2      | Found a sacrificial altar of Ru.
  1766 | D:3      | Found a glowing golden altar of the Shining One.
  2089 | D:3      | Reached XP level 5. HP: 36/42 MP: 5/5
  2226 | D:3      | Found a sparkling altar of Nemelex Xobeh.
  2586 | D:4      | Reached skill level 4 in Fighting
  2660 | D:4      | Found an ornate altar of the Wu Jian Council.
  3112 | D:4      | Found a hazy altar of Hepliaklqana.
  3163 | D:5      | Entered Level 5 of the Dungeon
  3219 | D:5      | Found a basalt altar of Yredelemnul.
  3225 | D:5      | Noticed an ice beast
  3308 | D:5      | Reached XP level 6. HP: 34/48 MP: 6/6
  3318 | D:5      | Found a shimmering altar of Xom.
  3503 | D:5      | Found a staircase to the Ecumenical Temple.
  3529 | Temple   | Entered the Ecumenical Temple
  3534 | Temple   | Became a worshipper of Warmaster Okawaru
  3696 | D:5      | Gained mutation: You have sharp fingernails. [demonic
                  | ancestry]
  3696 | D:5      | Reached XP level 7. HP: 55/55 MP: 7/7
  3746 | D:5      | Reached * piety under Okawaru
  3973 | D:5      | Reached skill level 5 in Fighting
  4808 | D:6      | Reached skill level 5 in Armour
  4815 | D:6      | Reached skill level 5 in Shields
  4815 | D:6      | Gained mutation: You sometimes gain a little power by
                  | taking damage. [demonic ancestry]
  4815 | D:6      | Reached XP level 8. HP: 29/63 MP: 8/8
  5096 | D:6      | Reached ** piety under Okawaru
  5132 | D:6      | Found a burning altar of Makhleb.
  5931 | D:7      | Reached skill level 6 in Fighting
  5931 | D:7      | Reached skill level 5 in Long Blades
  5980 | D:7      | Found Jixzigo's Magic Scroll Shoppe.
  5988 | D:7      | Bought a scroll of remove curse for 45 gold pieces
  6471 | D:7      | Killed from afar by a steam dragon

Illustrated notes

Levels and vault maps discovered:
D:1:      minmay_arrival_stair_chambers, layout_loops_cross,
          corexii_corridor_pit
D:2:      layout_rooms, nicolae_overflow_crystal_walls
D:3:      layout_rooms, nicolae_tso_carved_into_rock, nemelex_spade_bored_becter
D:4:      layout_cave_pools, lemuel_coloured_pillars_altar, lemuel_doored_altar
D:5:      layout_basic, old_standard_altar, minmay_temple_entry_mini_moons,
          basic_altar
D:6:      layout_cave_pods, bloody_makhleb
D:7:      layout_loops_ring, marbit_many_paths, serial_shops, shop,
          uniq_duvessa, uniq_maggie
Temple:   minmay_freezing_vapour_temple

Skill      XL: |  1  2  3  4  5  6  7  8 |
---------------+-------------------------+-----
Long Blades    | 2 3 4 5 |  5.3
Armour         | 3 4 5 |  5.8
Shields        | 3 4 5 |  5.7
Fighting       | 4 5 6 |  6.3

Action                   |  1- 3 |  4- 6 |  7- 9 || total
-------------------------+-------+-------+-------++-------
Melee: Long sword        |   129 |   289 |   256 ||   674
Evoke: Wand              |       |       |     1 ||     1
  Use: Scroll            |     1 |     4 |     7 ||    12
       Potion            |       |     1 |       ||     1
Armor: Scale mail        |    71 |   188 |   104 ||   363
Dodge: Dodged            |    66 |    98 |    75 ||   239
Block: Kite shield       |    87 |   164 |   118 ||   369
       Rpst.: Long sword |    19 |    31 |    24 ||    74

Table legend:
 A = Non-vault XP
 B = Vault XP
 C = Vault XP percentage of total XP
 D = Non-vault monster count
 E = Vault monster count
 F = Vault count percentage of total count
                 A         B        C        D         E       F
            +---------+---------+-------+---------+---------+-------
      Total |    2416 |       0 |   0.0 |     140 |       0 |   0.0
            +---------+---------+-------+---------+---------+-------
        D:1 |      53 |       0 |   0.0 |      29 |       0 |   0.0
        D:2 |      78 |       0 |   0.0 |      21 |       0 |   0.0
        D:3 |      79 |       0 |   0.0 |      23 |       0 |   0.0
        D:4 |     158 |       0 |   0.0 |      18 |       0 |   0.0
        D:5 |     693 |       0 |   0.0 |      23 |       0 |   0.0
        D:6 |     735 |       0 |   0.0 |      15 |       0 |   0.0
        D:7 |     470 |       0 |   0.0 |       9 |       0 |   0.0
     Temple |     150 |       0 |   0.0 |       2 |       0 |   0.0
            +---------+---------+-------+---------+---------+-------
